 Dungeon Crawl Stone Soup version 0.28-a0-1524-ge72afd5fc6 (webtiles) character file.

Game seed: 5792410392350612719

8 knot the Chopper (level 2, 16/24 HPs)
             Began as a Demonspawn Berserker on Jan 18, 2022.
             Was a Follower of Trog.
             Quit the game on level 1 of the Dungeon.
             The game lasted 00:00:22 (548 turns).

knot the Chopper (Demonspawn Berserker)              Turns: 548, Time: 00:00:23

Health: 16/24      AC:  5    Str: 17    XL:     2   Next: 0%
Magic:  11/11      EV: 11    Int:  8    God:    Trog [*.....]
Gold:   117        SH:  0    Dex: 12    Spells: 1/1 levels left

rFire   . . .      SeeInvis .   a - +0 hand axe
rCold   . . .      Faith    .   (no shield)
rNeg    . . .      Spirit   .   d - +0 ring mail
rPois   .          Reflect  .   (helmet restricted)
rElec   .          Harm     .   (no cloak)
rCorr   .          Rampage  .   (no gloves)
Will    .....                   (no boots)
Stlth   +.........              (no amulet)
HPRegen 0.08/turn               b - ring of magical power
MPRegen 0.12/turn               (no ring)

@: no status effects
A: horns 1
a: Renounce Religion, Berserk


You were on level 1 of the Dungeon.
You worshipped Trog.
Trog was aware of your devotion.
You visited 1 branch of the dungeon, and saw 1 of its levels.

You collected 117 gold pieces.

Inventory:

Hand Weapons
 a - a +0 hand axe (weapon)
Missiles
 c - 32 stones (quivered)
Armour
 d - a +0 ring mail (worn)
Jewellery
 b - a ring of magical power (left hand)
Scrolls
 f - a scroll of teleportation {unknown}
 g - a scroll of enchant armour {unknown}
 j - a scroll of fog {unknown}
 k - a scroll of magic mapping {unknown}
Potions
 e - a potion of might {unknown}
 h - a potion of lignification {unknown}
 i - a potion of heal wounds {unknown}


   Skills:
 - Level 3.0 Fighting
 + Level 3.2 Axes
 - Level 1.7 Armour
 - Level 1.7 Dodging


You had one spell level left.
You didn't know any spells.
Your spell library was empty.

Dungeon Overview and Level Annotations

Branches:
Dungeon (1/15)

Altars:

Shops:
D:1 [:


Innate Abilities, Weirdness & Mutations

You have a pair of small horns on your head.


Message History

You kill the quokka!
Trog accepts your kill.
No target in view!
No target in view!
No target in view!
You see here a quokka corpse.
j - a scroll labelled TASITUC LAE No target in view!
Found a stone staircase leading down.
No target in view!
No target in view!
No target in view!
Found Tijieq's Book Emporium.
You now have 48 gold pieces (gained 11).
You now have 61 gold pieces (gained 13).
You now have 74 gold pieces (gained 13).
You now have 84 gold pieces (gained 10).
You now have 90 gold pieces (gained 6).
You now have 99 gold pieces (gained 9).
There is an entrance to Tijieq's Book Emporium here.
You now have 110 gold pieces (gained 11).
You now have 117 gold pieces (gained 7).
There is a stone staircase leading down here.
k - a scroll labelled CAEZIT UZAUSK
Found Maseqarr's Antique Armour Emporium.
No target in view!
A goblin comes into view. It is wielding a +0 club.
A goblin is nearby!
The goblin hits you with a +0 club.
You hit the goblin.
The goblin is heavily wounded.
The goblin hits you with a +0 club.
You hit the goblin.
You kill the goblin!
Trog accepts your kill.
You have reached level 2!
You feel monstrous as your demonic heritage exerts itself.
Your demonic ancestry asserts itself...
A pair of horns grows on your head!
Are you sure you want to abandon this character and quit the game? (Confirm with "yes".)

#.#. .# .##.
.###.##
...........#
..... .....#
.........#
#..#.#..#
#...)#..#
##.∩@#..####
#..........#
######..##.#
.....##.#
.......##.#
##.######.#
#. #.# ..# #
###.# #.#
#...#


There were no monsters in sight!

Vanquished Creatures
  A bat (D:1)
  An endoplasm (D:1)
  A goblin (D:1)
  3 quokkas (D:1)
6 creatures vanquished.

Notes
Turn   | Place    | Note
-------+----------+-------------------------------------------
     0 | D:1      | knot the Demonspawn Berserker began the quest for the Orb.
     0 | D:1      | Reached XP level 1. HP: 18/18 MP: 1/1
   500 | D:1      | Found Tijieq's Book Emporium.
   538 | D:1      | Found Maseqarr's Antique Armour Emporium.
   548 | D:1      | Discovered your monstrous ancestry.
   548 | D:1      | Gained mutation: You have a pair of small horns on your
                  | head. [demonic ancestry]
   548 | D:1      | Reached XP level 2. HP: 16/24 MP: 2/2
   548 | D:1      | Quit the game

Illustrated notes

Levels and vault maps discovered:
D:1:      zaba_arrival_water, layout_loops_ring, serial_shops, shop_coins,
          nicolae_shop_stone, nicolae_shop_waterfront, kennysheep_minor_cross,
          minmay_misc_feat_diagonals

Skill      XL: |  1 |
---------------+----+-----
Axes           | 3 |  3.2
Fighting       | |  3.0
Armour         | |  1.7
Dodging        | |  1.7

Action                   || total
-------------------------++-------
Melee: Hand axe          ||    17
Armor: Ring mail         ||     1
Dodge: Dodged            ||    14

Table legend: (Time is in decaauts)
 A = Elapsed time spent in this place.
 B = Non-inter-level travel time spent in this place.
 C = Inter-level travel time spent in this place.
 D = Time resting spent in this place.
 E = Time spent auto-exploring this place.
 F = Levels seen in this place.
 G = Mean time per level.
                   A        B        C        D        E       F      G
               +--------+--------+--------+--------+--------+-----+--------+
         Total |    556 |    556 |      0 |      0 |    479 |   1 |  556.0 |
       Dungeon |    556 |    556 |      0 |      0 |    479 |   1 |  556.0 |
               +--------+--------+--------+--------+--------+-----+--------+

Top non-repeatable levels by time:
     D:1: 556 daAuts
